PBL
DETROIT RED WINGS @ HAMILTON CARDINALS
09/29/2049
 
TOP OF THE 1ST
Detroit Red Wings batting - Pitching for Hamilton Cardinals : RHP Ji-e Shuai
Pitching: RHP Ji-e Shuai
Batting: RHB Felipe Torres 0-0: Ball
1-0: Ball
2-0: DOUBLE (Line Drive, 9LS, EV 95.6 MPH)
Batting: RHB Victor Acuna 0-0: Ball
1-0: Ball
2-0: Ball
3-0: Called Strike
3-1: Base on Balls
Batting: LHB Duda Pinho 0-0: Ball
1-0: SINGLE (Groundball, 4M, EV 98.1 MPH)
Felipe Torres to third
Victor Acuna to second
Runner from 3rd tries for Home, throw by CF and OUT! 8-2
Batting: LHB Ryan Adams 0-0: Swinging Strike
0-1: Foul Ball, location: 2F
0-2: Strikes out swinging
Batting: RHB Harry Tugnut 0-0: Called Strike
0-1: Swinging Strike
0-2: Ball
1-2: Ball
2-2: Foul Ball, location: 2F
2-2: Fly out, F8 (Flyball, 8LM, EV 96.2 MPH)
Top of the 1st over - 0 runs, 2 hits, 0 errors, 2 left on base; Detroit 0 - Hamilton 0
BOTTOM OF THE 1ST
Hamilton Cardinals batting - Pitching for Detroit Red Wings : RHP Moos Jansen
Pitching: RHP Moos Jansen
Batting: LHB Jonathan Barker 0-0: Ball
1-0: Ball
2-0: Called Strike
2-1: Ball
3-1: Base on Balls
Batting: RHB Jeff Gale 0-0: Called Strike
0-1: Ball
1-1: Ball
2-1: Called Strike
2-2: Strikes out swinging
Batting: SHB Kelly Brooks 0-0: Ball
1-0: Grounds into double play, 4-6-3 (Groundball, 4, EV 106.9 MPH)
Bottom of the 1st over - 0 runs, 0 hits, 0 errors, 0 left on base; Detroit 0 - Hamilton 0
TOP OF THE 2ND
Detroit Red Wings batting - Pitching for Hamilton Cardinals : RHP Ji-e Shuai
Batting: LHB Simon Barry 0-0: Called Strike
0-1: Ground out 3-1 (Groundball, 34, EV 111.2 MPH)
Batting: RHB Carlos Avila 0-0: Fly out, F7 (Line Drive, 7, EV 100.0 MPH)
Batting: SHB Bill Casal 0-0: Ball
1-0: Ball
2-0: Ball
3-0: Called Strike
3-1: Base on Balls
Batting: RHB Jason LeBlanc Pickoff Throw to First - Out! 1-3 CS
Top of the 2nd over - 0 runs, 0 hits, 0 errors, 0 left on base; Detroit 0 - Hamilton 0
BOTTOM OF THE 2ND
Hamilton Cardinals batting - Pitching for Detroit Red Wings : RHP Moos Jansen
Batting: SHB Jae-hong Kym 0-0: Foul Ball, location: 2F
0-1: Swinging Strike
0-2: Foul Ball, location: 2F
0-2: Strikes out looking
Batting: LHB Josh Levin 0-0: Fly out, F6 (Popup, 6MD, EV 60.6 MPH)
Batting: LHB Steven Higgs 0-0: Ball
1-0: Called Strike
1-1: Fly out, F7 (Line Drive, 7S, EV 105.0 MPH)
Bottom of the 2nd over - 0 runs, 0 hits, 0 errors, 0 left on base; Detroit 0 - Hamilton 0
TOP OF THE 3RD
Detroit Red Wings batting - Pitching for Hamilton Cardinals : RHP Ji-e Shuai
Batting: RHB Jason LeBlanc 0-0: Foul Ball, location: 2F
0-1: SINGLE (Line Drive, 78S, EV 98.8 MPH)
Batting: RHB Felipe Torres 0-0: Ball
Wild Pitch!
Jason LeBlanc to second
1-0: Ball
2-0: Swinging Strike
2-1: Swinging Strike
2-2: Strikes out swinging
Batting: RHB Victor Acuna 0-0: Ball
1-0: Ball
2-0: Fly out, F8 (Line Drive, 8LD, EV 89.4 MPH)
Batting: LHB Duda Pinho 0-0: Ball
1-0: Ball
2-0: Ball
3-0: Called Strike
3-1: Ground out 4-3 (Groundball, 4M, EV 105.6 MPH)
Top of the 3rd over - 0 runs, 1 hit, 0 errors, 1 left on base; Detroit 0 - Hamilton 0
BOTTOM OF THE 3RD
Hamilton Cardinals batting - Pitching for Detroit Red Wings : RHP Moos Jansen
Batting: RHB Kevin McGaughey 0-0: Fly out, F8 (Flyball, 8RXD, EV 108.8 MPH)
Batting: RHB Oscar Higareda 0-0: Foul Ball, location: 2F
0-1: Ball
1-1: Called Strike
1-2: Foul Ball, location: 2F
1-2: Strikes out swinging, 2-3 out at first.
Batting: LHB John Stewart 0-0: Swinging Strike
0-1: Ball
1-1: Foul Ball, location: 2F
1-2: Ball
2-2: SINGLE (Groundball, 4MD, EV 109.4 MPH)
Batting: LHB Jonathan Barker 0-0: Ball
1-0: Swinging Strike
1-1: Foul Ball, location: 2F
1-2: Strikes out swinging
Bottom of the 3rd over - 0 runs, 1 hit, 0 errors, 1 left on base; Detroit 0 - Hamilton 0
TOP OF THE 4TH
Detroit Red Wings batting - Pitching for Hamilton Cardinals : RHP Ji-e Shuai
Batting: LHB Ryan Adams 0-0: Swinging Strike
0-1: Ball
1-1: Foul Ball, location: 2F
1-2: Ball
2-2: Foul Ball, location: 2F
2-2: Ball
3-2: Foul Ball, location: 2F
3-2: Fly out, F6 (Popup, 56, EV 53.8 MPH)
Batting: RHB Harry Tugnut 0-0: Ball
1-0: Foul Ball, location: 2F
1-1: Foul Ball, location: 2F
1-2: Ground out 6-3 (Groundball, 6, EV 101.9 MPH)
Batting: LHB Simon Barry 0-0: Ball
1-0: Ball
2-0: Foul Ball, location: 2F
2-1: Ball
3-1: Foul Ball, location: 2F
3-2: Ground out U3 (Groundball, 3, EV 81.2 MPH)
Top of the 4th over - 0 runs, 0 hits, 0 errors, 0 left on base; Detroit 0 - Hamilton 0
BOTTOM OF THE 4TH
Hamilton Cardinals batting - Pitching for Detroit Red Wings : RHP Moos Jansen
Batting: RHB Jeff Gale 0-0: Foul Ball, location: 2F
0-1: Called Strike
0-2: Fly out, F7 (Flyball, 78S, EV 73.1 MPH)
Batting: SHB Kelly Brooks 0-0: Swinging Strike
0-1: Swinging Strike
0-2: Ball
1-2: Ball
2-2: Strikes out swinging
Batting: SHB Jae-hong Kym 0-0: Ball
1-0: Ball
2-0: Foul Ball, location: 2F
2-1: Ball
3-1: Ground out 5-3 (Groundball, 56, EV 103.8 MPH)
Bottom of the 4th over - 0 runs, 0 hits, 0 errors, 0 left on base; Detroit 0 - Hamilton 0
TOP OF THE 5TH
Detroit Red Wings batting - Pitching for Hamilton Cardinals : RHP Ji-e Shuai
Batting: RHB Carlos Avila 0-0: Ball
1-0: Foul Ball, location: 2F
1-1: Ball
2-1: Foul Ball, location: 2F
2-2: Strikes out swinging
Batting: SHB Bill Casal 0-0: Ball
1-0: Fly out, F4 (Popup, 34, EV 70.0 MPH)
Batting: RHB Jason LeBlanc 0-0: Ball
1-0: Called Strike
1-1: DOUBLE (Flyball, 9LD, EV 110.6 MPH)
Batting: RHB Felipe Torres 0-0: Swinging Strike
0-1: Ball
1-1: Foul Ball, location: 2F
1-2: Ball
2-2: Foul Ball, location: 2F
2-2: Foul Ball, location: 2F
2-2: Strikes out swinging
Top of the 5th over - 0 runs, 1 hit, 0 errors, 1 left on base; Detroit 0 - Hamilton 0
BOTTOM OF THE 5TH
Hamilton Cardinals batting - Pitching for Detroit Red Wings : RHP Moos Jansen
Batting: LHB Josh Levin 0-0: Fly out, F8 (Flyball, 8RD, EV 96.2 MPH)
Batting: LHB Steven Higgs 0-0: Called Strike
0-1: Ground out U3 (Groundball, 3L, EV 85.0 MPH)
Batting: RHB Kevin McGaughey 0-0: Fly out, F9 (Flyball, 9D, EV 88.8 MPH)
Bottom of the 5th over - 0 runs, 0 hits, 0 errors, 0 left on base; Detroit 0 - Hamilton 0
TOP OF THE 6TH
Detroit Red Wings batting - Pitching for Hamilton Cardinals : RHP Ji-e Shuai
Batting: RHB Victor Acuna 0-0: Fly out, F7 (Line Drive, 7, EV 90.0 MPH)
Batting: LHB Duda Pinho 0-0: Foul Ball, location: 2F
0-1: Ground out 4-3 (Groundball, 4, EV 91.2 MPH)
Batting: LHB Ryan Adams 0-0: Ball
1-0: Foul Ball, location: 2F
1-1: Swinging Strike
1-2: Ball
2-2: Ball
3-2: Fly out, F4 (Line Drive, 4, EV 63.1 MPH)
Top of the 6th over - 0 runs, 0 hits, 0 errors, 0 left on base; Detroit 0 - Hamilton 0
BOTTOM OF THE 6TH
Hamilton Cardinals batting - Pitching for Detroit Red Wings : RHP Moos Jansen
Batting: RHB Oscar Higareda 0-0: Called Strike
0-1: Ball
1-1: Ball
2-1: Foul Ball, location: 2F
2-2: Ball
3-2: Reached on error, E6 (Groundball, 56D, EV 81.2 MPH)
Batting: LHB John Stewart 0-0: Called Strike
0-1: Hit by Pitch
Batting: LHB Jonathan Barker 0-0: Ball
1-0: Ball
2-0: Called Strike
2-1: Ball
3-1: Foul Ball, location: 2F
3-2: Base on Balls
Oscar Higareda to third
John Stewart to second
Batting: RHB Jeff Gale 0-0: Foul Ball, location: 2F
0-1: Ball
1-1: Grounds into double play, 4-6-3 (Groundball, 4, EV 78.8 MPH)
Oscar Higareda scores
John Stewart to third
Batting: SHB Kelly Brooks 0-0: Intentional Walk
Batting: SHB Jae-hong Kym 0-0: Ball
1-0: Swinging Strike
1-1: Called Strike
1-2: Ball
2-2: Foul Ball, location: 2F
2-2: Foul Ball, location: 2F
2-2: Ball
3-2: SINGLE (Groundball, 4MD, EV 101.2 MPH)
John Stewart scores
Kelly Brooks to second
Kelly Brooks to third
Batting: LHB Josh Levin 0-0: Foul Ball, location: 2F
0-1: Ball
1-1: Called Strike
1-2: Strikes out looking
Bottom of the 6th over - 2 runs, 1 hit, 1 error, 2 left on base; Detroit 0 - Hamilton 2
TOP OF THE 7TH
Detroit Red Wings batting - Pitching for Hamilton Cardinals : RHP Ji-e Shuai
Pitching: RHP Daniel McCleese
Batting: RHB Harry Tugnut 0-0: Called Strike
0-1: Ball
1-1: SOLO HOME RUN (Flyball, 7D, EV 95.0 MPH), Distance : 350 ft
Batting: LHB Simon Barry 0-0: Ball
1-0: Ball
2-0: Swinging Strike
2-1: Ball
3-1: Called Strike
3-2: Base on Balls
Pinch Hitting: LHB David Kyle 0-0: Ball
1-0: Called Strike
1-1: Fly out, F8 (Flyball, 8RXD, EV 94.4 MPH)
Batting: SHB Bill Casal 0-0: Grounds into double play, 4-6-3 (Groundball, 4, EV 97.5 MPH)
Top of the 7th over - 1 run, 1 hit, 0 errors, 0 left on base; Detroit 1 - Hamilton 2
BOTTOM OF THE 7TH
Hamilton Cardinals batting - Pitching for Detroit Red Wings : RHP Moos Jansen
Pitching: RHP Joshua Wilson
Now at SS: Roderick Speed
Batting: LHB Steven Higgs 0-0: Ball
1-0: Called Strike
1-1: Called Strike
1-2: Ball
2-2: Ball
3-2: Base on Balls
Batting: RHB Kevin McGaughey 0-0: Called Strike
0-1: Called Strike
Steven Higgs is caught stealing 2nd base 2-4
0-2: Ball
1-2: Strikes out swinging
Batting: RHB Oscar Higareda 0-0: Called Strike
0-1: Ball
1-1: Ball
2-1: SINGLE (Line Drive, 78S, EV 91.9 MPH)
Batting: LHB John Stewart 0-0: Ball
Oscar Higareda is caught stealing 2nd base 2-6
Bottom of the 7th over - 0 runs, 1 hit, 0 errors, 0 left on base; Detroit 1 - Hamilton 2
TOP OF THE 8TH
Detroit Red Wings batting - Pitching for Hamilton Cardinals : RHP Daniel McCleese
Pinch Hitting: RHB António Scarlett 0-0: Swinging Strike
0-1: Ball
1-1: Ball
2-1: Ball
3-1: Foul Ball, location: 2F
3-2: Base on Balls
Pitching: RHP Rich Sauceman
Pinch Hitting: LHB Jose Peralez 0-0: Ball
1-0: Fly out, F6 (Popup, 6, EV 55.0 MPH)
Batting: SHB Salvador Lacosta 0-0: Foul Ball, location: 2F
0-1: SINGLE (Groundball, 4M, EV 86.9 MPH) (infield hit)
António Scarlett to second
Batting: LHB Duda Pinho 0-0: Ball
1-0: Swinging Strike
1-1: Ball
2-1: Swinging Strike
2-2: Strikes out swinging
Batting: LHB Ryan Adams 0-0: Called Strike
0-1: Ball
1-1: Swinging Strike
1-2: Foul Ball, location: 2F
1-2: Ball
2-2: Hit by Pitch
António Scarlett to third
Salvador Lacosta to second
Batting: RHB Harry Tugnut 0-0: Swinging Strike
0-1: Ball
1-1: Foul Ball, location: 2F
1-2: Strikes out looking
Top of the 8th over - 0 runs, 1 hit, 0 errors, 3 left on base; Detroit 1 - Hamilton 2
BOTTOM OF THE 8TH
Hamilton Cardinals batting - Pitching for Detroit Red Wings : RHP Joshua Wilson
Now at 1B: Tim Spence
Now in LF: Duda Pinho
Now in CF: António Scarlett
Batting: LHB John Stewart 0-0: Called Strike
0-1: Ball
1-1: Swinging Strike
1-2: Ball
2-2: Ball
3-2: Strikes out swinging
Batting: LHB Jonathan Barker 0-0: Foul Ball, location: 2F
0-1: Ball
1-1: Ball
2-1: Ball
3-1: Foul Ball, location: 2F
3-2: Strikes out swinging
Batting: RHB Jeff Gale 0-0: Called Strike
0-1: Ball
1-1: Swinging Strike
1-2: Hit by Pitch
Pitching: RHP Leon Benitez
Batting: SHB Kelly Brooks 0-0: Swinging Strike
0-1: Ball
1-1: Foul Ball, location: 2F
1-2: Ball
2-2: Ball
3-2: Strikes out swinging
Bottom of the 8th over - 0 runs, 0 hits, 0 errors, 1 left on base; Detroit 1 - Hamilton 2
TOP OF THE 9TH
Detroit Red Wings batting - Pitching for Hamilton Cardinals : RHP Rich Sauceman
Pitching: RHP Corey Shelton
Now at 1B: Jonathan Barker
Now in CF: Matt Shaw
Now in RF: John Stewart
Batting: LHB Simon Barry 0-0: Called Strike
0-1: Ball
1-1: Foul Ball, location: 2F
1-2: Ball
2-2: Strikes out looking
Batting: SHB Roderick Speed 0-0: Fly out, F9 (Flyball, 9S, EV 88.1 MPH)
Batting: SHB Bill Casal 0-0: Ball
1-0: Foul Ball, location: 2F
1-1: Ball
2-1: Ball
3-1: SINGLE (Groundball, 56S, EV 69.4 MPH) (infield hit)
Batting: RHB António Scarlett 0-0: Fly out, F8 (Flyball, 8LXD, EV 80.0 MPH)
Top of the 9th over - 0 runs, 1 hit, 0 errors, 1 left on base; Detroit 1 - Hamilton 2
Sunday, July 16th , 2023 - OOTP Baseball 24.6 Build 69